 Dungeon Crawl Stone Soup version 0.26-a0-1191-ge2a0e31ab3 (webtiles) character file.

Game seed: 17019803622807218863

40 vvl the Chiller (level 3, -10/24 HPs)
             Began as a Demonspawn Ice Elementalist on Dec 28, 2020.
             Mangled by Sigmund
             ... wielding a +1 vampiric scythe
              (11 damage)
             ... on level 2 of the Dungeon.
             The game lasted 00:07:54 (2011 turns).

vvl the Chiller (Demonspawn Ice Elementalist)       Turns: 2011, Time: 00:07:55

Health: -10/24     AC:  4    Str:  8    XL:     3   Next: 30%
Magic:  1/6        EV: 12    Int: 17    God:
Gold:   60         SH:  0    Dex: 13    Spells: 2/6 levels left

rFire    . . .     SeeInvis .   d - +0 dagger
rCold    . . .     Faith    .   (no shield)
rNeg     . . .     Spirit   .   a - +0 robe
rPois    .         Reflect  .   (no helmet)
rElec    .         Harm     .   (no cloak)
rCorr    .         Rampage  .   (no gloves)
Will     .....                  (no boots)
Stlth    ++........             (no amulet)
HPRegen  0.08/turn              (no ring)
MPRegen  0.10/turn              (no ring)

@: no status effects
A: talons 1, icy blue scales 1
a: no special abilities


You were on level 2 of the Dungeon.
You visited 1 branch of the dungeon, and saw 2 of its levels.

You collected 60 gold pieces.

Inventory:

Hand Weapons
 d - a +0 dagger (weapon)
Armour
 a - a +0 robe (worn)
Jewellery
 c - an uncursed ring of willpower {unknown}
 e - an uncursed ring of protection from cold {unknown}
Scrolls
 b - 2 scrolls of teleportation {unknown}
 h - a scroll of identify {unknown}
 i - a scroll of magic mapping {unknown}
 j - a scroll of fear {unknown}
 k - a scroll of remove curse {unknown}
Potions
 f - a potion of haste {unknown}
 g - a potion of heal wounds {unknown}


   Skills:
 + Level 0.8 Armour
 - Level 1.7 Dodging
 - Level 1.7 Stealth
 + Level 2.3 Spellcasting
 + Level 1.1 Necromancy
 * Level 4.0 Ice Magic
 + Level 0.8 Evocations


You had 2 spell levels left.
You knew the following spells:

 Your Spells              Type           Power        Failure   Level
a - Freeze                Ice            60%          3%          1
b - Frozen Ramparts       Ice            30%          11%         3

Your spell library contained the following spells:

 Spells                   Type           Power        Failure   Level
 Ozocubu's Armour         Ice            15%          11%         3
 Hailstorm                Conj/Ice       8%           63%         4
 Summon Ice Beast         Ice/Summ       8%           63%         4


Dungeon Overview and Level Annotations

Branches:
Dungeon (2/15)

Altars:

Annotations:
D:2 Sigmund


Innate Abilities, Weirdness & Mutations

You have sharp toenails.
You are partially covered in icy blue scales. (AC +2)


Message History

You hit Sigmund but do no damage.
Sigmund is almost dead.
The frozen ramparts melt away.
You hit Sigmund. Your kick misses Sigmund.
Sigmund is almost dead.
Sigmund completely misses you.
You barely miss Sigmund.
Sigmund is almost dead.
Sigmund barely misses you.
You barely miss Sigmund. Your kick misses Sigmund.
Sigmund is almost dead.
You hit Sigmund.
Sigmund is almost dead.
Sigmund gestures at you while chanting. The puff of flame hits you!
* * * LOW HITPOINT WARNING * * *
You hit Sigmund but do no damage.
Sigmund is almost dead.
Sigmund hits you with a +1 vampiric scythe!
You die...

#....#..............
#.......###.##......
#.#.##..# #.#......#
#.......###.##......
#.#.##......###†...#
#.#.##.###### #.####
#.#†##.# #.#
#......# ##'##
###@#### ##...## #@#
##.....## #.#
##.......# #..
#......... ...
+......... #...
#......... #.#.
##.......# #.###
##.....## ##...##


You could see Sigmund.

Vanquished Creatures
  A gnoll (D:1)
  A worm (D:2)
  2 bats (D:1)
  2 giant cockroaches (D:2)
  4 hobgoblins
  A quokka (D:2)
  4 frilled lizards (D:1)
  6 goblins
  4 kobolds
  2 rats
27 creatures vanquished.

Notes
Turn   | Place    | Note
-------+----------+-------------------------------------------
     0 | D:1      | vvl the Demonspawn Ice Elementalist began the quest for the
                  | Orb.
     0 | D:1      | Reached XP level 1. HP: 13/13 MP: 3/3
   685 | D:1      | Gained mutation: You are partially covered in icy blue
                  | scales. (AC +2) [demonic ancestry]
   685 | D:1      | Reached XP level 2. HP: 18/19 MP: 0/5
  1622 | D:2      | Reached skill level 1 in Necromancy
  1622 | D:2      | Gained mutation: You have sharp toenails. [demonic
                  | ancestry]
  1622 | D:2      | Reached XP level 3. HP: 20/24 MP: 4/6
  1675 | D:2      | Reached skill level 4 in Ice Magic
  1808 | D:2      | Learned a level 3 spell: Frozen Ramparts
  1990 | D:2      | Noticed Sigmund
  2010 | D:2      | HP: 1/24 [Sigmund/puff of flame (11)]
  2011 | D:2      | Mangled by Sigmund

Illustrated notes

Levels and vault maps discovered:
D:1:      dpeg_arrival_connections, layout_loops_corners
D:2:      layout_loops_corners, elyvilon_altar_1, uniq_sigmund

Skill      XL: |  1  2  3 |
---------------+----------+-----
Necromancy     | 1 |  1.1
Ice Magic      | 4 |  4.0
Armour         | |  0.8
Dodging        | |  1.7
Stealth        | |  1.7
Spellcasting   | |  2.3
Evocations     | |  0.8

Action                   || total
-------------------------++-------
Melee: Dagger            ||    90
       Unarmed           ||     2
       Kick              ||    10
 Cast: Freeze            ||    28
       Frozen Ramparts   ||     2
 Stab: Sleeping          ||     1
Armor: Robe              ||    15
Dodge: Dodged            ||    78

Table legend: (Time is in decaauts)
 A = Elapsed time spent in this place.
 B = Non-inter-level travel time spent in this place.
 C = Inter-level travel time spent in this place.
 D = Time resting spent in this place.
 E = Time spent auto-exploring this place.
 F = Levels seen in this place.
 G = Mean time per level.
                   A        B        C        D        E       F      G
               +--------+--------+--------+--------+--------+-----+--------+
         Total |   2010 |   1988 |     22 |      0 |   1750 |   2 | 1005.0 |
       Dungeon |   2010 |   1988 |     22 |      0 |   1750 |   2 | 1005.0 |
               +--------+--------+--------+--------+--------+-----+--------+

Top non-repeatable levels by time:
     D:1: 1512 daAuts
     D:2: 497 daAuts
